← All builds
Suicide front / Armada / Factory first / OBSERVED BUILD

Standard suicide front

The role's default: factory first (mostly Bot Lab), pushing Rocketeer-led bot play into the middle to contest and hold the front, with an Advanced Metal Extractor around 9:36 as the natural transition.

Usually lab first (63%)

#raid #push · 1291 distinct matches · 127 players · 71% of Armada Suicide front games · team won 59% of 1529 · Recently observed

HOW TO PLAY IT

Key timing: Bot Lab by 0:20

  1. Open with mex and wind, drop Bot Lab immediately.
  2. Push out first "Centurion" as Pond's boost lands.
  3. Send "Rocketeer", "Centurion", "Pawn" mix to contest middle.
  4. Add Dragon's Teeth and Sentries to hold the line.
  5. Get Advanced Metal Extractor up as T2 nears.

Phase by phase

TYPICAL OF ITS 1291 GAMES
  1. 1
  2. 2
  3. 3
PLAY THE OPENING

Follow the example game's first 6:00 step by step: what to build now, what comes next, and where it goes. At 1× it keeps pace with your own game.

  1. 1

    Bot Lab first

    Order
    1. Bot LabBot Lab done ~0:20, middle half 0:20–0:33

    Some games also: mex (36%)

  2. 2

    Bot Lab to 5:00

    Economy
    • Metal Extractor5Mex
    • Wind Turbine4Wind
    Builders
    • Construction Bot3 Con bot
    • Lazarus2 Lazarus
    Army
    • Sentry4 Sentry
    • Rocketeer17 Rocketeer
    • Tick2 Tick
    • Centurion1 Centurion
    Other
    • Radar Tower1 Radar Tower

    Some games also: con turret (35%) · pawn (32%)

    By 5:00 in all: 5 mex · 4 wind

    The example game in this phase · 29 steps
    1. Mex
    2. LazarusLazarus
    3. Wind ×2
    4. TickTick ×2
    5. LazarusLazarus
    6. PawnPawn ×2
    7. LazarusLazarus
    8. PawnPawn ×6
    9. Construction BotCon bot ×3
    10. Mex
    11. RocketeerRocketeer
    12. Mex
    13. RocketeerRocketeer ×6
    14. Mex
    15. RocketeerRocketeer ×3
    16. Mex
    17. RocketeerRocketeer ×2
    18. BeamerBeamer
    19. RocketeerRocketeer ×5
    20. LazarusLazarus
    21. BeamerBeamer
    22. LazarusLazarus ×2
    23. TickTick
    24. Wind
    25. GruntGrunt
    26. LazarusLazarus
    27. Wind
    28. LazarusLazarus ×2
    29. RocketeerRocketeer
  3. 3

    5:00 to 10:00

    Economy
    • Metal Extractor1Mex
    • Wind Turbine17Wind
    Builders
    • Construction Turret2 Con turret
    • Lazarus2 Lazarus
    • Construction Bot1 Con bot
    Army
    • Sentry1 Sentry
    • Rocketeer8 Rocketeer
    • Pawn1 Pawn

    Some games also: tick (47%) · energy storage (46%) · Radar Tower (46%) · centurion (45%) · Beamer (39%)

    By 10:00 in all: 6 mex · 23 wind · 1 energy storage · 3 con turret

    The example game in this phase · 205 steps
    1. Wind ×2
    2. RocketeerRocketeer ×2
    3. Wind ×2
    4. RocketeerRocketeer
    5. Solar
    6. RocketeerRocketeer ×2
    7. SentrySentry
    8. RocketeerRocketeer ×2
    9. Con turret
    10. RocketeerRocketeer
    11. OverwatchOverwatch
    12. RocketeerRocketeer ×2
    13. BeamerBeamer
    14. RocketeerRocketeer ×2
    15. Solar
    16. RocketeerRocketeer ×3
    17. GauntletGauntletnot finished by 15:00
    18. RocketeerRocketeer
    19. Con turret ×2
    20. RocketeerRocketeer
    21. Energy storage
    22. RocketeerRocketeer ×3
    23. Con turret
    24. GauntletGauntlet
    25. RocketeerRocketeer ×2
    26. Dragon's TeethDragon's Teeth
    27. Wind
    28. Dragon's TeethDragon's Teeth
    29. CenturionCenturion
    30. Wind
    31. Dragon's TeethDragon's Teeth
    32. TickTick
    33. Dragon's TeethDragon's Teeth
    34. TickTick
    35. Wind
    36. TickTick
    37. Wind
    38. TickTick
    39. Wind
    40. TickTick
    41. Wind
    42. CenturionCenturion
    43. Wind
    44. CenturionCenturion
    45. Wind
    46. PawnPawn
    47. Wind
    48. PawnPawn
    49. Metal storage
    50. Energy storage
    51. PawnPawn
    52. Wind
    53. PawnPawn
    54. Wind ×4
    55. PawnPawn
    56. Wind ×2
    57. PawnPawn
    58. Wind ×2
    59. PawnPawn
    60. Advanced Metal ExtractorT2 mexdone 9:17 · typical 9:36
    61. PawnPawn
    62. Dragon's TeethDragon's Teeth
    63. PawnPawn
    64. Dragon's TeethDragon's Teeth
    65. PawnPawn ×4
    66. Advanced Metal ExtractorT2 mex
    67. PawnPawn ×4
    68. Advanced Metal ExtractorT2 mex
    69. PawnPawn ×2
    70. Wind
    71. PawnPawn
    72. Wind
    73. PawnPawn
    74. Wind
    75. PawnPawn
    76. Advanced Metal ExtractorT2 mex
    77. PawnPawn ×2
    78. Wind
    79. PawnPawn ×2
    80. Fortification WallFortification Wall
    81. PawnPawn
    82. Fortification WallFortification Wall
    83. PawnPawn
    84. Wind
    85. PawnPawn
    86. CenturionCenturion
    87. Fortification WallFortification Wall
    88. Wind
    89. Fortification WallFortification Wall ×2
    90. CenturionCenturion
    91. Advanced Metal ExtractorT2 mex
    92. Wind
    93. CenturionCenturion ×2
    94. Mex
    95. Wind
    96. CenturionCenturion
    97. Advanced Metal ExtractorT2 mex
    98. Wind
    99. Construction BotCon bot
    100. PawnPawn
    101. Wind
    102. PawnPawn
    103. Con turret
    104. PawnPawn ×2
    105. Wind
    106. PawnPawn ×2
    107. Bot LabBot Labdone 12:21
    108. PawnPawn ×2
    109. Wind
    110. PawnPawn ×2
    111. TickTick
    112. PawnPawn
    113. Wind
    114. PawnPawn
    115. LazarusLazarus
    116. PawnPawn ×2
    117. Wind
    118. PawnPawn
    119. LazarusLazarus
    120. PawnPawn ×2
    121. Wind
    122. LazarusLazarus
    123. PawnPawn ×2
    124. LazarusLazarus
    125. PawnPawn
    126. Wind
    127. PawnPawn
    128. Con turret
    129. PawnPawn
    130. LazarusLazarus
    131. PawnPawn
    132. Wind
    133. TickTick
    134. PawnPawn
    135. TickTick
    136. PawnPawn
    137. TickTick
    138. PawnPawn
    139. TickTick ×2
    140. Wind
    141. PawnPawn
    142. TickTick
    143. PawnPawn
    144. Advanced solar
    145. PawnPawn
    146. GraverobberGraverobber
    147. TickTick
    148. PawnPawn
    149. Wind
    150. PawnPawn
    151. TickTick
    152. PawnPawn
    153. TickTick
    154. PawnPawn
    155. Advanced Metal ExtractorT2 mex
    156. Wind
    157. Con turret
    158. PawnPawn
    159. TickTick
    160. PawnPawn ×2
    161. TickTick
    162. Wind
    163. PawnPawn ×2
    164. TickTick
    165. PawnPawn
    166. Advanced solar
    167. MauserMauser
    168. JaguarJaguar
    169. TickTick
    170. PawnPawn
    171. Wind
    172. PawnPawn
    173. TickTick
    174. PawnPawn ×2
    175. Advanced solar
    176. TickTick
    177. PawnPawn
    178. Wind
    179. PawnPawn
    180. TickTick
    181. PawnPawn
    182. Wind
    183. JaguarJaguar
    184. PawnPawn
    185. TickTick
    186. PawnPawn
    187. TickTick
    188. PawnPawn
    189. Advanced Bot LabAdvanced Bot Labnot finished by 15:00
    190. PawnPawn
    191. TickTick
    192. PawnPawn
    193. TickTick
    194. PawnPawn
    195. JaguarJaguar
    196. Wind
    197. PawnPawn
    198. TickTick
    199. PawnPawn ×3
    200. TickTick
    201. PawnPawn
    202. Advanced Metal ExtractorT2 mex
    203. Wind
    204. PawnPawn
    205. TickTick

Counts are medians over the build's games: half of them build more, half fewer. The example game is Immort's (56 OS, 29/09/2026); pick another.

Team trades

IN AT LEAST 30% OF ITS GAMES

You hand over

Nothing regular.

You get

  • Tidal Generator4 Tidal from Pondfirst at 0:10 · in 69% of games
  • Advanced Construction Bot1 T2 con bot from Geo or Techfirst at 7:30 · in 59% of games

How it plays out

Typical game of this build, running totals by minute

Metal produced

010k20k30k
0:005:0010:0015:00

metal

Enemy metal destroyed

05k10k
0:005:0010:0015:00

metal

Own metal lost

05k10k
0:005:0010:0015:00

metal

1529 games.

Show as table
ByMetal produced: This buildEnemy metal destroyed: This buildOwn metal lost: This build
1:0022600
2:0088800
3:002051180106
4:003161658496
5:00424314131026
6:00543322981789
7:00667031752710
8:00792040313619
9:00931747964495
10:001069954265316
11:001226559036054
12:001411365126830
13:001622270137536
14:001810976968373
15:002046683299249
WHAT THE NUMBERS SAY

Standard suicide front play wins slightly more than half its games with fast kills but also fast losses, matching the raw grind of the role.

  • + First kill lands by 2:04 in all games
  • + Metal produced reaches 19882 by 15:00
  • − Own metal lost hits 9208 by 15:00, near metal destroyed of 8172
  • − First unit lost as early as 2:08 in every game
THE EXAMPLE YOU ARE READING

Immort

56.0 OS · 29/09/2026

Open source match ↗

6 received units · includes a constructor
619 metal received · 43884 energy received

Allied construction assistance is unknown. Timings are observations, not a promise of solo reproducibility.

Typical milestones

Bot Lab0:20Middle 50%: 0:20–0:33 · n=1522
Advanced Metal Extractor9:36Middle 50%: 8:41–10:48 · n=1128

Played most by

_X_253games of this buildPlatinumBlonde181games of this buildXad120games of this buildImmort73games of this buildwatermeloans60games of this build